 Dungeon Crawl Stone Soup version 0.17.0-22-g5edae84 (webtiles) character file.

1166 urechis the Digger (level 8, 0/46 HPs)
             Began as an Octopode Earth Elementalist on Nov 11, 2015.
             Was a Follower of Vehumet.
             Slain by a phantom (6 damage)
             ... on level 5 of the Dungeon on Nov 12, 2015.
             The game lasted 00:23:44 (6554 turns).

urechis the Digger (Octopode Earth Elementalist)    Turns: 6554, Time: 00:23:44

Health: 0/46       AC:  1    Str:  7    XL:     8   Next: 40%
Magic:  11/17      EV: 12    Int: 19    God:    Vehumet [*.....]
Gold:   138        SH:  0    Dex: 13    Spells: 3 memorised, 13 levels left

rFire  . . .     SeeInvis .     b - +0 long sword
rCold  . . .     Rnd*Rage +     (no shield)
rNeg   . . .     SustAt   .     (helmet restricted)
rPois  .         Gourm    .     (no amulet)
rElec  .         Spirit   .     i - ring of protection from magic
rCorr  .         Warding  .     (no ring)
rMut   .         Stasis   .     (no ring)
MR     +....                    (no ring)
Stlth  +++.......               (no ring)
                                (no ring)
                                (no ring)
                                (no ring)

@: somewhat resistant to hostile enchantments, fairly stealthy
A: almost no armour, amphibious, 8 rings, constrict 8, camouflage 1, berserk 1,
gelatinous body 1, no device heal 1, subdued magic 1
a: Renounce Religion


You were on level 5 of the Dungeon.
You worshipped Vehumet.
Vehumet was aware of your devotion.
You were not hungry.

You visited 1 branch of the dungeon, and saw 5 of its levels.

You collected 182 gold pieces.
You spent 44 gold pieces at shops.

Inventory:

Hand Weapons
 b - a +0 long sword (weapon)
 o - a +0 dagger
Magical Staves
 v - an uncursed staff of poison
Jewellery
 i - a ring of protection from magic (left tentacle)
Wands
 r - a wand of paralysis (14)
Scrolls
 a - a scroll of identify
 f - 2 scrolls of fog
 g - 4 scrolls of enchant armour
 k - a scroll of immolation
 n - 3 scrolls of remove curse
 p - 2 scrolls of blinking
 q - a scroll of fear
 x - a scroll of noise
Potions
 e - a potion of curing
 l - a potion of brilliance
 w - 2 potions of flight
Books
 d - a book of Geomancy

   Spells                             Type                      Level
   a - Sandblast                      Earth                        1
   b - Stoneskin                      Transmutation/Earth          2
   c - Passwall                       Transmutation/Earth          3
   d - Stone Arrow                    Conjuration/Earth            3
   e - Petrify                        Transmutation/Earth          4
   f - Lee's Rapid Deconstruction     Earth                        5
 t - a book of Debilitation

   Spells                             Type                      Level
   a - Corona                         Hexes                        1
   b - Slow                           Hexes                        2
   c - Gell's Gravitas                Hexes/Translocation          3
   d - Inner Flame                    Hexes/Fire                   3
   e - Cause Fear                     Hexes                        4
   f - Leda's Liquefaction            Hexes/Earth                  4
Comestibles
 c - 3 bread rations
 s - a slice of pizza


   Skills:
 - Level 2.1 Dodging
 - Level 2.9 Stealth
 + Level 6.4 Spellcasting
 - Level 1.0 Transmutations
 + Level 7.6 Earth Magic


You had 13 spell levels left.
You knew the following spells:

 Your Spells              Type           Power        Failure   Level  Hunger
a - Sandblast             Erth           ###...       1%          1    None
b - Stoneskin             Trmt/Erth      ###.....     1%          2    None
c - Stone Arrow           Conj/Erth      ##....       4%          3    ##.....


Dungeon Overview and Level Annotations

Branches:
Dungeon (5/15)
 Temple: D:4-7

Altars:
Nemelex Xobeh
Vehumet

Shops:
D:4 ?


Innate Abilities, Weirdness & Mutations

You cannot wear most types of armour.
You are amphibious.
You can wear up to eight rings at the same time.
You can use your tentacles to constrict eight enemies at once.
Your skin changes colour to match your surroundings (Stealth).
Your rubbery body absorbs attacks (AC +1).
You tend to lose your temper in combat.
Potions and wands are less effective at restoring your health.
Your spells are a little easier to cast, but a little less powerful.


Message History

Vehumet accepts your kill.
You feel your power returning.
Casting: Sandblast
Confirm with . or Enter, or press ? or * to list all spells.
Aiming: Sandblast
Press: ? - help, Shift-Dir - straight line, f - phantom
Aim: a phantom The blast of sand hits the phantom.
The phantom is moderately damaged.
The phantom hits you.
* * * LOW HITPOINT WARNING * * *
Casting: Sandblast
Confirm with . or Enter, or press ? or * to list all spells.
Aiming: Sandblast
Press: ? - help, Shift-Dir - straight line, f/p - phantom
Aim: a phantom (moderately damaged)
The blast of sand hits the phantom.
The phantom is moderately damaged.
The phantom hits you.
You die...

.###.#†#####..#.##.#.#
..###.#†##............#
.................##.######
..#######..##.##.##.##...#
#..##.#....#.....###
#..##.#..##........#
#..##.#..#.........# #
####.##..............###
#.....W@..<#.###........
..#####.#.#.###.##.###...§####
.........###........#####.# #
.######.#.#.###.##..### #.# #
.......<##.## #.......# #.# #
##########.####..#..#.# #.# #
#..........#.###.####
#.####..##.#.....W.<. #.#
#..##.########..


You could see a phantom.

Vanquished Creatures
  Grinder (D:4)
  A phantom (D:3)
  3 scorpions
  A centaur zombie (D:4)
  3 hounds
  2 crimson imps
  A giant frog zombie (D:5)
  3 orc wizards
  Terence (D:3)
  Natasha (thrice) (D:4)
  An iguana (D:5)
  2 orc priests (D:4)
  A worker ant (D:4)
  Robin (D:2)
  6 adders
  A white imp (D:4)
  2 oozes
  3 worms (D:2)
  21 orcs
  5 bats
  7 giant cockroaches
  22 goblins
  16 hobgoblins
  3 jackals (D:2)
  2 quokkas (D:2)
  A giant cockroach zombie (D:5)
  12 giant geckos
  A giant gecko skeleton (D:5)
  10 giant newts
  9 kobolds
  7 rats
152 creatures vanquished.

Notes
Turn   | Place    | Note
--------------------------------------------------------------
     0 | D:1      | urechis the Octopode Earth Elementalist began the quest for the Orb.
     0 | D:1      | Reached XP level 1. HP: 11/11 MP: 3/3
   233 | D:1      | Reached XP level 2. HP: 15/17 MP: 1/5
   559 | D:1      | Reached XP level 3. HP: 7/21 MP: 0/6
  1188 | D:2      | Noticed Robin
  1264 | D:2      | Killed Robin
  1264 | D:2      | Reached XP level 4. HP: 27/27 MP: 2/8
  1265 | D:2      | Reached skill level 4 in Earth Magic
  1906 | D:2      | Reached XP level 5. HP: 25/31 MP: 1/10
  2104 | D:3      | Noticed a phantom
  2270 | D:3      | Killed a phantom
  2270 | D:3      | Reached skill level 5 in Earth Magic
  2357 | D:3      | Reached XP level 6. HP: 8/36 MP: 6/11
  2608 | D:3      | Found a sparkling altar of Nemelex Xobeh.
  2724 | D:3      | Noticed Terence
  2738 | D:3      | Killed Terence
  3644 | D:4      | Found a radiant altar of Vehumet.
  3647 | D:4      | Became a worshipper of Vehumet
  3697 | D:4      | Learned a level 2 spell: Stoneskin
  3701 | D:4      | Learned a level 3 spell: Stone Arrow
  3792 | D:4      | Noticed Grinder
  3797 | D:4      | Paralysed by Grinder for 5 turns
  3807 | D:4      | Killed Grinder
  3807 | D:4      | Reached skill level 5 in Spellcasting
  3807 | D:4      | Reached skill level 6 in Earth Magic
  3807 | D:4      | Reached XP level 7. HP: 17/41 MP: 7/14
  4226 | D:4      | Noticed Natasha
  4228 | D:4      | Killed Natasha
  4314 | D:4      | Noticed Natasha
  4345 | D:4      | Killed Natasha
  4476 | D:4      | Reached XP level 8. HP: 5/46 MP: 11/16
  4635 | D:4      | Noticed Natasha
  4640 | D:4      | Killed Natasha
  4808 | D:4      | Reached skill level 7 in Earth Magic
  5666 | D:4      | Found Loikh's Magic Scroll Shoppe.
  5669 | D:4      | Bought a scroll of identify for 22 gold pieces
  5669 | D:4      | Bought a scroll of identify for 22 gold pieces
  5681 | D:4      | Gained mutation: You tend to lose your temper in combat. [potion of mutation]
  5681 | D:4      | Gained mutation: Your spells are a little easier to cast, but a little less powerful. [potion of mutation]
  5681 | D:4      | Gained mutation: Potions and wands are less effective at restoring your health. [potion of mutation]
  5807 | D:4      | Upgraded the game from 0.17.0-18-gaab0e96 to 0.17.0-22-g5edae84
  5872 | D:5      | Entered Level 5 of the Dungeon
  5917 | D:5      | Reached * piety under Vehumet
  5917 | D:5      | Offered knowledge of Freeze by Vehumet.
  6167 | D:5      | HP: 2/46 [poisoned by a scorpion]
  6554 | D:5      | Slain by a phantom

Action                   |  1- 3 |  4- 6 |  7- 9 || total
-------------------------+-------+-------+-------++-------
Melee: Dagger            |    30 |    38 |       ||    68
       Long sword        |       |    40 |    40 ||    80
 Cast: Sandblast         |    40 |   117 |   113 ||   270
       Stoneskin         |       |     1 |     1 ||     2
       Stone Arrow       |       |       |     3 ||     3
  Use: Scroll            |       |       |    11 ||    11
       Potion            |       |       |     6 ||     6
 Stab: Sleeping          |     3 |     9 |     4 ||    16
  Eat: Chunk             |     1 |     8 |     5 ||    14
       Royal jelly       |       |       |     1 ||     1
       Beef jerky        |       |       |     1 ||     1
